cohdb
Replays
Latest Replays
All Replays
Popular Replays
Top Player Replays
Match Explorer
How It Works
Community
CoH3 Stats
Reddit
Sign in to upload your games and track your stats! →
Sign in with Steam
Match 37625285
Unlisted
Match 37625285
Overview
Messages
Build Orders
End
Vickers Machine Gun Team
Construct Section Command Post
Dingo Light Scout Car
Dingo Light Scout Car
Construct Platoon Command Post
Selects Air and Sea Battlegroup
Selects Commando Section Paradrop
Construct Company Command Post
Selects Commando Support Section Paradrop
Commando Section Paradrop
Selects Supply Surplus
Construct Field Infirmary
Construct Resource Cache
Construct Resource Cache
Construct Resource Cache
Forward Retreat Point
Construct Resource Cache
Unlock M3 Grant Medium Tanks
Infantry Training
M3 Grant Medium Tank
Armored Vehicle Training
Construct Field Infirmary
Forward Retreat Point
Selects Incendiary Bombing Run
Incendiary Bombing Run
Construct Resource Cache
Construct Resource Cache
WebsterBolek
DibbeTC
CantStopWatchingPorn
I´m The Tarnished
0
0
Comments
sign in to comment!
No comments posted yet!